 Dungeon Crawl Stone Soup version 0.20.1-1-g8b1a95d (webtiles) character file.

31 Minstaer the Caller (level 3, 0/19 HPs)
             Began as a Tengu Summoner on Nov 4, 2017.
             Slain by a quokka (1 damage)
             ... on level 2 of the Dungeon.
             The game lasted 00:06:39 (826 turns).

Minstaer the Caller (Tengu Summoner)                 Turns: 826, Time: 00:06:40

Health: 0/19       AC:  2    Str:  8    XL:     3   Next: 22%
Magic:  6/7        EV: 13    Int: 15    God:
Gold:   55         SH:  0    Dex: 15    Spells: 6/7 levels left

rFire    . . .     SeeInvis .   s - +0 rapier
rCold    . . .     Gourm    .   (no shield)
rNeg     . . .     Faith    .   a - +0 robe
rPois    .         Spirit   .   (helmet restricted)
rElec    .         Reflect  .   (no cloak)
rCorr    .         Harm     .   (no gloves)
MR       .....                  (boots unavailable)
Stlth    ++........             (no amulet)
Regen    0.1/turn               (no ring)
MPRegen  0.1/turn               (no ring)

@: lethally poisoned (0 -> -10)
A: beak, talons 3
a: no special abilities


You were on level 2 of the Dungeon.
You were not hungry.

You visited 1 branch of the dungeon, and saw 2 of its levels.

You collected 55 gold pieces.

Inventory:

Hand Weapons
 j - a +0 dagger
 o - a +0 hand axe
 s - a +0 rapier (weapon)
Missiles
 e - 33 stones (quivered)
 h - 20 sling bullets
Armour
 a - a +0 robe (worn)
Scrolls
 l - a scroll of remove curse {unknown}
 m - a scroll of identify {unknown}
 q - a scroll of teleportation {unknown}
 r - a scroll of recharging {unknown}
 t - a scroll of amnesia {unknown}
Potions
 d - a potion of ambrosia {unknown}
 g - a potion of lignification {unknown}
 i - a potion of curing {unknown}
 n - a potion of agility {unknown}
Books
 b - a book of Callings

   Spells                             Type                      Level
   a - Summon Small Mammal            Summoning                    1
   b - Call Imp                       Summoning                    2
   c - Call Canine Familiar           Summoning                    3
   d - Summon Guardian Golem          Hexes/Summoning              3
   e - Summon Lightning Spire         Summoning/Air                4
   f - Summon Ice Beast               Ice/Summoning                4
Comestibles
 c - 2 bread rations
 f - 3 chunks of flesh
 k - 4 fruits
 p - a royal jelly


   Skills:
 - Level 2.1 Dodging
 - Level 2.0 Stealth
 + Level 2.5 Spellcasting
 + Level 5.6 Summonings


You had 6 spell levels left.
You knew the following spells:

 Your Spells              Type           Power        Failure   Level  Hunger
a - Summon Small Mammal   Summ           ###.         1%          1    #......


Dungeon Overview and Level Annotations

Branches:
Dungeon (2/15)

Altars:


Innate Abilities, Weirdness & Mutations

You have a beak for a mouth.
You have claws for feet.


Message History

You feel sick.
Your bat hits the quokka.
Your bat hits the quokka but does no damage.
The adder bites you.
* * * LOW HITPOINT WARNING * * *
Casting: Summon Small Mammal
Confirm with . or Enter, or press ? or * to list all spells.
Your bat barely misses the adder.
The adder bites you.
* * * LOW HITPOINT WARNING * * *
You are more poisoned.
The adder poisons you! The quokka completely misses you.
* * * LOW HITPOINT WARNING * * *
You feel sick.
Your bat hits the adder. The hobgoblin closely misses your bat.
Your rat misses the adder.
There is a stone staircase leading up here.
* * * LOW HITPOINT WARNING * * *
You feel sick.
Your bat hits the adder. The adder misses you.
Your bat hits the hobgoblin but does no damage.
The quokka bites you.
You die...

#..........#
##..........###
##.............#
#............#...
#.#..........###
##.##..#........#
#....g..........##
######rbg.#####......†
#....@S######.......##
#......r......##.....!
#........#######......
##.............##....##
#......).............#
##.....#######........
####### #..#.... ##


You could see an adder, a quokka, a hobgoblin, a goblin, a friendly bat and a
friendly rat.

Vanquished Creatures
  2 dart slugs (D:1)
  3 bats
  A giant cockroach (D:1)
  2 goblins (D:1)
  6 hobgoblins
  2 jackals (D:1)
  3 kobolds
  2 rats (D:1)
21 creatures vanquished.

Vanquished Creatures (collateral kills)
  A bat (D:1)
  A goblin (D:1)
  A rat (D:1)
3 creatures vanquished.

Grand Total: 24 creatures vanquished

Notes
Turn   | Place    | Note
-------+----------+-------------------------------------------
     0 | D:1      | Minstaer the Tengu Summoner began the quest for the Orb.
     0 | D:1      | Reached XP level 1. HP: 10/10 MP: 4/4
   139 | D:1      | Reached skill level 5 in Summonings
   153 | D:1      | Reached XP level 2. HP: 11/15 MP: 6/6
   577 | D:1      | Reached XP level 3. HP: 18/19 MP: 7/7
   826 | D:2      | Slain by a quokka

Skill      XL: |  1 |
---------------+----+-----
Summonings     | 5 |  5.6
Dodging        | |  2.1
Stealth        | |  2.0
Spellcasting   | |  2.5

Action                   || total
-------------------------++-------
Melee: Unarmed           ||    10
       Kick              ||    17
       Peck              ||     9
       Dagger            ||    43
       Rapier            ||     7
Throw: Stone             ||     7
 Cast: Summon Small Mamm ||     4
 Stab: Sleeping          ||     4
       Distracted        ||     1
Armor: Robe              ||    15
Dodge: Dodged            ||    53
